TOP OF THE 1ST |
Iowa State Cyclones batting - Pitching for Georgia Bulldogs : RHP Raúl Cortéz
|
Pitching: RHP Raúl Cortéz
|
|
Batting: LHB Dale Miller
|
0-0: Ground out 1-3 (Groundball, 15)
|
Batting: RHB Frank Latham
|
0-0: Ball 1-0: Called Strike 1-1: Fly out, F9 (Flyball, 9M)
|
Batting: LHB Jerry Trent
|
0-0: Fly out, F8 (Line Drive, 8RM)
|
Top of the 1st over - 0 run(s), 0 hit(s), 0 error(s), 0 left on base; Iowa State 0 - Georgia 0 |
BOTTOM OF THE 1ST |
Georgia Bulldogs batting - Pitching for Iowa State Cyclones : RHP Tim Hooper
|
Pitching: RHP Tim Hooper
|
|
Batting: LHB Sandro Márquez
|
0-0: Called Strike 0-1: Ball 1-1: Foul Ball, location: 2F 1-2: Strikes out swinging
|
Batting: LHB Merrill Erickson
|
0-0: Ball 1-0: Fly out, F9 (Line Drive, 9M)
|
Batting: RHB Juan Estrada
|
0-0: Called Strike 0-1: Swinging Strike 0-2: Ball 1-2: Ball 2-2: SINGLE (Groundball, 4MD)
|
Batting: LHB Mike White
|
0-0: Ball 1-0: Called Strike 1-1: Ball 2-1: Ball 3-1: Ground out 4-3 (Groundball, 4)
|
Bottom of the 1st over - 0 run(s), 1 hit(s), 0 error(s), 1 left on base; Iowa State 0 - Georgia 0 |
TOP OF THE 2ND |
Iowa State Cyclones batting - Pitching for Georgia Bulldogs : RHP Raúl Cortéz
|
Batting: RHB Steve Burton
|
0-0: Fly out, F8 (Flyball, 8LXD)
|
Batting: RHB Fernando Garza
|
0-0: Called Strike 0-1: Ball 1-1: Foul Ball, location: 2F 1-2: Ball 2-2: Ball 3-2: Base on Balls
|
Batting: RHB Arlen Jones
|
0-0: Foul Ball, location: 2F 0-1: Fly out, F6 (Popup, 3F)
|
Batting: RHB Ira Ross
|
0-0: Called Strike 0-1: Ball 1-1: Ball 2-1: Called Strike 2-2: Ball Passed Ball! Fernando Garza to second 3-2: Foul Ball, location: 2F 3-2: Foul Ball, location: 2F 3-2: Foul Ball, location: 2F 3-2: Foul Ball, location: 2F 3-2: Fly out, F7 (Flyball, 7LD)
|
Top of the 2nd over - 0 run(s), 0 hit(s), 0 error(s), 1 left on base; Iowa State 0 - Georgia 0 |
BOTTOM OF THE 2ND |
Georgia Bulldogs batting - Pitching for Iowa State Cyclones : RHP Tim Hooper
|
Batting: RHB Tom Stoltz
|
0-0: Called Strike 0-1: Foul Ball, location: 2F 0-2: Ball 1-2: Foul Ball, location: 2F 1-2: Ground out 5-3 (Groundball, 5)
|
Batting: SHB Nate Harrington
|
0-0: Ball 1-0: Ball 2-0: Called Strike 2-1: Ball 3-1: Swinging Strike 3-2: Base on Balls
|
Batting: SHB Jean-François St-Amant
|
0-0: Ball Nate Harrington steals 2nd base 1-0: Foul Ball, location: 2F 1-1: Called Strike 1-2: Ground out 6-3 (Groundball, 6M) Nate Harrington to third
|
Batting: RHB Mario Barker
|
0-0: SINGLE (Flyball, 8RS) Nate Harrington scores
|
Batting: LHB Artie Connor
|
0-0: Called Strike 0-1: Ball 1-1: Ball 2-1: Ball 3-1: 2-RUN HOME RUN (Flyball, 9D), Distance : 346 ft
|
Batting: LHB Sandro Márquez
|
0-0: Swinging Strike 0-1: Swinging Strike 0-2: Ball 1-2: Ball 2-2: Strikes out swinging
|
Bottom of the 2nd over - 3 run(s), 2 hit(s), 0 error(s), 0 left on base; Iowa State 0 - Georgia 3 |
TOP OF THE 3RD |
Iowa State Cyclones batting - Pitching for Georgia Bulldogs : RHP Raúl Cortéz
|
Batting: RHB Robert Snyder
|
0-0: Called Strike 0-1: Ball 1-1: Ground out 6-3 (Groundball, 6)
|
Batting: RHB Arnold Hull
|
0-0: Ball 1-0: Foul Ball, location: 2F 1-1: Swinging Strike 1-2: Ball 2-2: Strikes out swinging
|
Batting: LHB Dale Miller
|
0-0: Ball 1-0: Fly out, F5 (Popup, 5D)
|
Top of the 3rd over - 0 run(s), 0 hit(s), 0 error(s), 0 left on base; Iowa State 0 - Georgia 3 |
BOTTOM OF THE 3RD |
Georgia Bulldogs batting - Pitching for Iowa State Cyclones : RHP Tim Hooper
|
Batting: LHB Merrill Erickson
|
0-0: Ball 1-0: Called Strike 1-1: Foul Ball, location: 2F 1-2: Ball 2-2: Foul Ball, location: 2F 2-2: Fly out, F7 (Flyball, 78M)
|
Batting: RHB Juan Estrada
|
0-0: Called Strike 0-1: Ball 1-1: Ball 2-1: Called Strike 2-2: Strikes out swinging
|
Batting: LHB Mike White
|
0-0: Foul Ball, location: 2F 0-1: Foul Ball, location: 2F 0-2: Strikes out swinging
|
Bottom of the 3rd over - 0 run(s), 0 hit(s), 0 error(s), 0 left on base; Iowa State 0 - Georgia 3 |
TOP OF THE 4TH |
Iowa State Cyclones batting - Pitching for Georgia Bulldogs : RHP Raúl Cortéz
|
Batting: RHB Frank Latham
|
0-0: Ball 1-0: Ball 2-0: Ball 3-0: Base on Balls
|
Batting: LHB Jerry Trent
|
0-0: Called Strike 0-1: Swinging Strike 0-2: Foul Ball, location: 2F 0-2: Ball 1-2: Foul Ball, location: 2F 1-2: Ball 2-2: Ball 3-2: Foul Ball, location: 2F 3-2: Strikes out swinging
|
Batting: RHB Steve Burton
|
0-0: Called Strike 0-1: Grounds into double play, U4-3 (Groundball, 4M)
|
Top of the 4th over - 0 run(s), 0 hit(s), 0 error(s), 0 left on base; Iowa State 0 - Georgia 3 |
BOTTOM OF THE 4TH |
Georgia Bulldogs batting - Pitching for Iowa State Cyclones : RHP Tim Hooper
|
Batting: RHB Tom Stoltz
|
0-0: Ball 1-0: Called Strike 1-1: Called Strike 1-2: Strikes out swinging
|
Batting: SHB Nate Harrington
|
0-0: Called Strike 0-1: SINGLE (Groundball, 4MD)
|
Batting: SHB Jean-François St-Amant
|
0-0: Called Strike 0-1: Fly out, F6 (Popup, 6S)
|
Batting: RHB Mario Barker
|
0-0: Ball 1-0: Ball 2-0: Ball 3-0: Base on Balls Nate Harrington to second
|
Batting: LHB Artie Connor
|
0-0: Ball 1-0: Ball 2-0: Ball 3-0: Called Strike 3-1: Swinging Strike 3-2: Strikes out swinging
|
Bottom of the 4th over - 0 run(s), 1 hit(s), 0 error(s), 2 left on base; Iowa State 0 - Georgia 3 |
TOP OF THE 5TH |
Iowa State Cyclones batting - Pitching for Georgia Bulldogs : RHP Raúl Cortéz
|
Batting: RHB Fernando Garza
|
0-0: Fly out, F8 (Flyball, 8LM)
|
Batting: RHB Arlen Jones
|
0-0: Fly out, F7 (Flyball, 7M)
|
Batting: RHB Ira Ross
|
0-0: Called Strike 0-1: Ball 1-1: Foul Ball, location: 2F 1-2: Foul Ball, location: 2F 1-2: Fly out, F8 (Flyball, 8LD)
|
Top of the 5th over - 0 run(s), 0 hit(s), 0 error(s), 0 left on base; Iowa State 0 - Georgia 3 |
BOTTOM OF THE 5TH |
Georgia Bulldogs batting - Pitching for Iowa State Cyclones : RHP Tim Hooper
|
Batting: LHB Sandro Márquez
|
0-0: Ball 1-0: Called Strike 1-1: Ball 2-1: Ball 3-1: Foul Ball, location: 2F 3-2: Ground out 4-3 (Groundball, 4M)
|
Pitching: RHP Jesús Capos
|
|
Batting: LHB Merrill Erickson
|
0-0: Ground out 6-3 (Groundball, 6MS)
|
Batting: RHB Juan Estrada
|
0-0: Fly out, F8 (Flyball, 8LD)
|
Bottom of the 5th over - 0 run(s), 0 hit(s), 0 error(s), 0 left on base; Iowa State 0 - Georgia 3 |
TOP OF THE 6TH |
Iowa State Cyclones batting - Pitching for Georgia Bulldogs : RHP Raúl Cortéz
|
Batting: RHB Robert Snyder
|
0-0: Ball 1-0: Foul Ball, location: 2F 1-1: Foul Ball, location: 2F 1-2: Foul Ball, location: 2F 1-2: SINGLE (Line Drive, 6MD)
|
Batting: RHB Arnold Hull
|
0-0: Ball 1-0: Ball 2-0: Called Strike 2-1: Called Strike 2-2: Strikes out swinging
|
Batting: LHB Dale Miller
|
0-0: Ball 1-0: Ball 2-0: SINGLE (Groundball, 4M) Robert Snyder to second Runner from 2nd tries for 3rd, SAFE, throw made to third
|
Batting: RHB Frank Latham
|
0-0: Ball Dale Miller steals 2nd base 1-0: Called Strike 1-1: Ball 2-1: Ball 3-1: Called Strike 3-2: SINGLE (Groundball, 4MD) Robert Snyder scores Dale Miller to third
|
Batting: LHB Jerry Trent
|
0-0: Ball 1-0: Swinging Strike 1-1: Ball 2-1: SINGLE (Line Drive, 7S) Dale Miller scores Frank Latham to second
|
Batting: RHB Steve Burton
|
0-0: SINGLE (Line Drive, 56) Frank Latham to third Jerry Trent to second
|
Pitching: LHP Jack Brown
|
|
Batting: RHB Fernando Garza
|
0-0: Fly out, F6 (Popup, 5D)
|
Batting: RHB Arlen Jones
|
0-0: SINGLE (Line Drive, 56) Frank Latham scores Jerry Trent to third Steve Burton to second Runner from 3rd tries for Home, SAFE, no throw or cutoff
|
Batting: RHB Ira Ross
|
0-0: Ball 1-0: Ball 2-0: SINGLE (Flyball, 4D) Steve Burton to third Arlen Jones to second Runner from 3rd tries for Home, SAFE, no throw or cutoff
|
Batting: RHB Robert Snyder
|
0-0: Foul Ball, location: 2F 0-1: Called Strike 0-2: Foul Ball, location: 2F 0-2: Foul Ball, location: 2F 0-2: Foul Ball, location: 2F 0-2: Ball 1-2: Foul Ball, location: 2F 1-2: Strikes out swinging
|
Top of the 6th over - 5 run(s), 7 hit(s), 0 error(s), 2 left on base; Iowa State 5 - Georgia 3 |
BOTTOM OF THE 6TH |
Georgia Bulldogs batting - Pitching for Iowa State Cyclones : RHP Jesús Capos
|
Batting: LHB Mike White
|
0-0: Ball 1-0: Called Strike 1-1: Ball 2-1: Ball 3-1: Base on Balls
|
Batting: RHB Tom Stoltz
|
0-0: Reached on error, E5 (Groundball, 5L) Mike White to second
|
Batting: SHB Nate Harrington
|
0-0: Ball 1-0: Ball Mike White steals 3rd base Tom Stoltz to second 2-0: Ground out 4-3 (Groundball, 4) Mike White scores Tom Stoltz to third
|
Batting: SHB Jean-François St-Amant
|
0-0: Ball 1-0: Fly out, F8 (Flyball, 8RM) Runner from 3rd tags up, SCORES, throw made
|
Batting: RHB Mario Barker
|
0-0: Called Strike 0-1: Ball 1-1: Fly out, F8 (Flyball, 8RM)
|
Bottom of the 6th over - 2 run(s), 0 hit(s), 1 error(s), 0 left on base; Iowa State 5 - Georgia 5 |
TOP OF THE 7TH |
Iowa State Cyclones batting - Pitching for Georgia Bulldogs : LHP Jack Brown
|
Batting: RHB Arnold Hull
|
0-0: Ball 1-0: Ball 2-0: SINGLE (Line Drive, 9S)
|
Batting: LHB Dale Miller
|
0-0: Ground out U3 (Groundball, 3S) Arnold Hull to second
|
Batting: RHB Frank Latham
|
0-0: Ball 1-0: Foul Ball, location: 2F 1-1: Hit by Pitch
|
Batting: LHB Jerry Trent
|
0-0: Ball 1-0: Ball 2-0: TRIPLE (Line Drive, 9LM) Arnold Hull scores Frank Latham scores
|
Batting: RHB Steve Burton
|
0-0: Intentional Walk
|
Batting: RHB Fernando Garza
|
0-0: Foul Ball, location: 2F 0-1: Ball 1-1: Ball 2-1: Fly out, F8 (Flyball, 8RM) Runner from 3rd tags up, SCORES, no throw
|
Pitching: RHP Jon Glass
|
|
Batting: RHB Arlen Jones
|
0-0: Called Strike 0-1: Called Strike 0-2: Strikes out swinging
|
Top of the 7th over - 3 run(s), 2 hit(s), 0 error(s), 1 left on base; Iowa State 8 - Georgia 5 |
BOTTOM OF THE 7TH |
Georgia Bulldogs batting - Pitching for Iowa State Cyclones : RHP Jesús Capos
|
Batting: LHB Artie Connor
|
0-0: Ground out 4-3 (Groundball, 4)
|
Pitching: RHP Kyle Rumbolt
|
|
Batting: LHB Sandro Márquez
|
0-0: Ball 1-0: Ball 2-0: Called Strike 2-1: Ball 3-1: Base on Balls
|
Batting: LHB Merrill Erickson
|
0-0: 2-RUN HOME RUN (Line Drive, 9LD), Distance : 341 ft
|
Batting: RHB Juan Estrada
|
0-0: Fly out, F8 (Flyball, 8RM)
|
Batting: LHB Mike White
|
0-0: Ball 1-0: Called Strike 1-1: Called Strike 1-2: Foul Ball, location: 2F 1-2: Ball 2-2: Strikes out swinging
|
Bottom of the 7th over - 2 run(s), 1 hit(s), 0 error(s), 0 left on base; Iowa State 8 - Georgia 7 |
TOP OF THE 8TH |
Iowa State Cyclones batting - Pitching for Georgia Bulldogs : RHP Jon Glass
|
Batting: RHB Ira Ross
|
0-0: Swinging Strike 0-1: Ball 1-1: Swinging Strike 1-2: Strikes out swinging
|
Batting: RHB Robert Snyder
|
0-0: Called Strike 0-1: Called Strike 0-2: Strikes out looking
|
Batting: RHB Arnold Hull
|
0-0: Ball 1-0: Foul Ball, location: 2F 1-1: Swinging Strike 1-2: Ball 2-2: Ball 3-2: Base on Balls
|
Batting: LHB Dale Miller
|
0-0: Ball 1-0: Fielders Choice at 2nd, U6 (Groundball, 6M)
|
Top of the 8th over - 0 run(s), 0 hit(s), 0 error(s), 1 left on base; Iowa State 8 - Georgia 7 |
BOTTOM OF THE 8TH |
Georgia Bulldogs batting - Pitching for Iowa State Cyclones : RHP Kyle Rumbolt
|
Pitching: RHP Derek Baker
|
|
Now in CF: José Acuña
|
|
Batting: RHB Tom Stoltz
|
0-0: Ball 1-0: Ball 2-0: Foul Ball, location: 2F 2-1: Called Strike 2-2: Ball 3-2: Fly out, F9 (Flyball, 9M)
|
Pitching: LHP Eric Keller
|
|
Batting: SHB Nate Harrington
|
0-0: Fly out, F9 (Flyball, 9M)
|
Pitching: RHP António Baca
|
|
Batting: SHB Jean-François St-Amant
|
0-0: Ball 1-0: Called Strike 1-1: Ball 2-1: Called Strike 2-2: Ground out U3 (Groundball, 3L)
|
Bottom of the 8th over - 0 run(s), 0 hit(s), 0 error(s), 0 left on base; Iowa State 8 - Georgia 7 |
TOP OF THE 9TH |
Iowa State Cyclones batting - Pitching for Georgia Bulldogs : RHP Jon Glass
|
Pitching: RHP Bob Freitas
|
|
Batting: RHB Frank Latham
|
0-0: DOUBLE (Line Drive, 34D)
|
Batting: LHB Jerry Trent
|
0-0: Intentional Walk
|
Batting: RHB Steve Burton
|
0-0: Swinging Strike 0-1: Fly out, F8 (Flyball, 8LS)
|
Batting: RHB Fernando Garza
|
0-0: Swinging Strike 0-1: Swinging Strike 0-2: Strikes out looking
|
Batting: RHB Arlen Jones
|
0-0: Foul Ball, location: 2F 0-1: Swinging Strike 0-2: Ball 1-2: Fly out, F9 (Flyball, 9M)
|
Top of the 9th over - 0 run(s), 1 hit(s), 0 error(s), 2 left on base; Iowa State 8 - Georgia 7 |
BOTTOM OF THE 9TH |
Georgia Bulldogs batting - Pitching for Iowa State Cyclones : RHP António Baca
|
Pitching: LHP Tom Martin
|
|
Now at C: Dan Stone
|
|
Batting: RHB Mario Barker
|
0-0: Swinging Strike 0-1: Foul Ball, location: 2F 0-2: Ball 1-2: Strikes out swinging
|
Pinch Hitting: RHB Chris Whittier
|
0-0: Called Strike 0-1: Ball 1-1: Swinging Strike 1-2: Ball 2-2: Strikes out swinging
|
Batting: LHB Sandro Márquez
|
0-0: Called Strike 0-1: Ball 1-1: Foul Ball, location: 2F 1-2: Strikes out swinging
|
Bottom of the 9th over - 0 run(s), 0 hit(s), 0 error(s), 0 left on base; Iowa State 8 - Georgia 7 |
|